[Event "Niedersachsen-ch B 2024"]
[Site "Verden Aller"]
[Date "2024.01.04"]
[Round "2.27"]
[White "Nechitaylo, Lev"]
[Black "Wildner, Jens Martin"]
[Result "1-0"]
[ECO "B10"]
[WhiteElo "1456"]
[BlackElo "1634"]
[Annotator "NA RC"]
[PlyCount "67"]
[EventDate "2024.01.01"]
[EventType "swiss"]
[EventCountry "GER"]
[SourceTitle "playchess.com"]
[Source "ChessBase"]
[SourceQuality "1"]
[TimeControl "40/5400+30:1800+30"]

1. e4 c6 2. Nf3 d5 3. e5 Bg4 4. d4 e6 5. Nc3 c5 6. Be3 cxd4 7. Bxd4 Nc6 8. Bb5 Nh6 9. h3 Bxf3 10. Qxf3 Nf5 11. Bxc6+ bxc6 12. Rd1 Nxd4 13. Rxd4 Qb6 14. Rf4 Qxb2 15. Rxf7 Qc1+ 16. Nd1 Bb4+ 17. Kf1 Rf8 18. Rxf8+ Bxf8 19. Qe2 Rb8 20. g3 Rb2 21. Kg2 Rxc2 22. Qh5+ Ke7 23. Qxh7 Qd2 24. Rf1 Rxa2 25. Qh4+ Kd7 26. Qh5 Be7 27. Qf7 Qg5 28. Re1 Ra1 29. f4 Ra2+ 30. Nf2 Qh6 31. Rb1 Ra6 32. Rb7+ Kc8 33. Rxe7 Qh8 34. Re8+ 1-0

[Event "Niedersachsen-ch B 2024"]
[Site "Verden Aller"]
[Date "2024.01.04"]
[Round "2.29"]
[White "Sauer, Ben"]
[Black "Ristedt, Mathis"]
[Result "0-1"]
[ECO "C54"]
[WhiteElo "1427"]
[BlackElo "1601"]
[Annotator "NA RC"]
[PlyCount "136"]
[EventDate "2024.01.01"]
[EventType "swiss"]
[EventCountry "GER"]
[SourceTitle "playchess.com"]
[Source "ChessBase"]
[SourceQuality "1"]
[TimeControl "40/5400+30:1800+30"]

1. e4 e5 2. Nf3 Nc6 3. Bc4 Bc5 4. c3 Nf6 5. d3 a6 6. O-O d6 7. Bb3 Ba7 8. Nbd2 O-O 9. Re1 h6 10. Nf1 Re8 11. Ng3 Be6 12. Bc2 d5 13. exd5 Bxd5 14. Be3 Bxe3 15. Rxe3 Ng4 16. Re1 Qd7 17. h3 Nf6 18. Ne4 Nxe4 19. dxe4 Be6 20. Qe2 Rad8 21. Rad1 Qe7 22. Nd2 Qg5 23. Nf3 Qf6 24. b3 Ne7 25. Nh2 Ng6 26. Ng4 Qg5 27. Kh2 h5 28. Ne3 Nf4 29. Qf3 g6 30. c4 c6 31. Qg3 Qe7 32. f3 Qa3 33. Rxd8 Rxd8 34. Qg5 Qa5 35. b4 Qc7 36. Bb3 Kg7 37. Qh4 Rd2 38. Kh1 Qd7 39. Rd1 Rxd1+ 40. Nxd1 Qd2 41. Qf2 Qxb4 42. Nb2 Qc3 43. Na4 Qb4 44. Nb2 b5 45. cxb5 axb5 46. Bxe6 Nxe6 47. Kh2 Qd4 48. Qxd4 Nxd4 49. Kg1 Kf6 50. Kf2 Ke6 51. Nd3 Kd6 52. Ke3 c5 53. h4 Nc6 54. a3 c4 55. Nb4 Nxb4 56. axb4 f5 57. exf5 gxf5 58. g3 Kd5 59. f4 e4 60. Ke2 Kd4 61. Kd2 c3+ 62. Kc2 e3 63. Kd1 Kd3 64. g4 c2+ 65. Kc1 e2 66. gxh5 e1=Q+ 67. Kb2 Qb1+ 68. Ka3 c1=Q# 0-1

[Event "Niedersachsen-ch B 2024"]
[Site "Verden Aller"]
[Date "2024.01.04"]
[Round "2.30"]
[White "Schoenfelder, Dennis Yoel"]
[Black "Weist, Hartmut"]
[Result "1-0"]
[ECO "B22"]
[WhiteElo "1370"]
[BlackElo "1581"]
[Annotator "NA RC"]
[PlyCount "97"]
[EventDate "2024.01.01"]
[EventType "swiss"]
[EventCountry "GER"]
[SourceTitle "playchess.com"]
[Source "ChessBase"]
[SourceQuality "1"]
[TimeControl "40/5400+30:1800+30"]

1. e4 c5 2. c3 d5 3. exd5 Qxd5 4. d4 Nc6 5. Nf3 Bg4 6. Be2 Nf6 7. h3 Bf5 8. O-O e6 9. Be3 Be7 10. c4 Qd7 11. dxc5 O-O 12. a3 a5 13. Nc3 Rfd8 14. Qxd7 Rxd7 15. Rfd1 Rad8 16. Rxd7 Nxd7 17. Na4 Bc2 18. Bd1 Bxa4 19. Bxa4 Nxc5 20. Bc2 Nd3 21. Rb1 Nce5 22. Nxe5 Nxe5 23. Bb3 Nc6 24. Rd1 Rxd1+ 25. Bxd1 Bf6 26. b3 Bd4 27. Bxd4 Nxd4 28. f4 Kf8 29. Kf2 Ke7 30. Ke3 Nf5+ 31. Ke4 Kd6 32. g4 Ne7 33. b4 b6 34. Kd4 Nc6+ 35. Kc3 f6 36. Bf3 axb4+ 37. axb4 Ne7 38. Be4 h6 39. Kd4 Nc8 40. h4 g5 41. c5+ bxc5+ 42. bxc5+ Kc7 43. hxg5 hxg5 44. fxg5 e5+ 45. Kd5 fxg5 46. Kxe5 Ne7 47. Kf6 Kd7 48. Bf5+ Nxf5 49. Kxf5 1-0

[Event "Niedersachsen-ch B 2024"]
[Site "Verden Aller"]
[Date "2024.01.04"]
[Round "2.31"]
[White "Heckl, Philipp"]
[Black "Schiel, Lucas"]
[Result "0-1"]
[ECO "B00"]
[WhiteElo "1580"]
[BlackElo "1312"]
[Annotator "NA RC"]
[PlyCount "62"]
[EventDate "2024.01.01"]
[EventType "swiss"]
[EventCountry "GER"]
[SourceTitle "playchess.com"]
[Source "ChessBase"]
[SourceQuality "1"]
[TimeControl "40/5400+30:1800+30"]

1. e4 e5 2. d4 Nc6 3. d5 Nd4 4. c3 Nc6 5. dxc6 bxc6 6. Bc4 Nf6 7. Qc2 d5 8. Bd3 c5 9. Bb5+ Bd7 10. Bxd7+ Qxd7 11. exd5 Qxd5 12. f3 Rd8 13. Be3 Qe6 14. Nd2 Nd5 15. Nf1 f5 16. Qa4+ c6 17. O-O-O Be7 18. Nh3 f4 19. Bf2 O-O 20. Nd2 Rb8 21. Ne4 Qg6 22. Rhg1 Kh8 23. Qc2 c4 24. Neg5 Qh6 25. Ne4 Ne3 26. Bxe3 fxe3 27. Qe2 Rb7 28. Kc2 Rfb8 29. Rb1 c5 30. Rge1 Qa6 31. Kc1 Qxa2 0-1

[Event "Niedersachsen-ch B 2024"]
[Site "Verden Aller"]
[Date "2024.01.04"]
[Round "2.32"]
[White "Stockburger, Alexander"]
[Black "Fize, Aleksandrs"]
[Result "0-1"]
[ECO "C02"]
[WhiteElo "1573"]
[BlackElo "1307"]
[Annotator "NA RC"]
[PlyCount "120"]
[EventDate "2024.01.01"]
[EventType "swiss"]
[EventCountry "GER"]
[SourceTitle "playchess.com"]
[Source "ChessBase"]
[SourceQuality "1"]
[TimeControl "40/5400+30:1800+30"]

1. e4 c5 2. c3 e6 3. d4 d5 4. e5 Nc6 5. Nf3 cxd4 6. cxd4 Nge7 7. Bg5 Qb6 8. b3 Nf5 9. Bd3 Ncxd4 10. O-O Bd7 11. Nbd2 Rc8 12. Rc1 Bc5 13. Nxd4 Nxd4 14. Kh1 O-O 15. Qh5 g6 16. Qh6 Rfe8 17. Bf6 Bf8 18. Qg5 Nb5 19. Rce1 Qd4 20. Re3 Rc3 21. Nf3 Qc5 22. h4 d4 23. Bxb5 Qxb5 24. Ree1 Qd5 25. Qf4 Bb5 26. Rg1 d3 27. h5 Be7 28. Bxe7 Rxe7 29. Qf6 Qd8 30. hxg6 fxg6 31. Re4 Re8 32. Qf4 Qe7 33. Rd1 Rd8 34. Nd4 Ba6 35. Qd2 Rc5 36. Qf4 Rdc8 37. Ree1 Qf7 38. Qe3 Qd7 39. a4 Rd5 40. Nf3 Rc2 41. Nd2 Qd8 42. Ne4 Rxe5 43. Nf6+ Qxf6 44. Qxe5 Qxe5 45. Rxe5 d2 46. Kh2 Kf7 47. b4 Bc4 48. Re4 Bb3 49. a5 Rb2 50. Rxd2 Rxd2 51. Kg3 Bc2 52. Rf4+ Bf5 53. Kh4 h5 54. Kg5 Ke7 55. g3 a6 56. f3 Rg2 57. g4 hxg4 58. fxg4 Rxg4+ 59. Rxg4 Bxg4 60. Kxg4 Kd6 0-1

[Event "Niedersachsen-ch B 2024"]
[Site "Verden Aller"]
[Date "2024.01.04"]
[Round "2.33"]
[White "Mounce, Richard B"]
[Black "Steven, Matthias"]
[Result "1/2-1/2"]
[ECO "B22"]
[WhiteElo "1957"]
[BlackElo "1284"]
[Annotator "NA RC"]
[PlyCount "133"]
[EventDate "2024.01.01"]
[EventType "swiss"]
[EventCountry "GER"]
[SourceTitle "playchess.com"]
[Source "ChessBase"]
[SourceQuality "1"]
[TimeControl "40/5400+30:1800+30"]

1. e4 c5 2. c3 Nc6 3. d4 cxd4 4. cxd4 e6 5. Nf3 Nf6 6. Nc3 Bb4 7. Bd3 d5 8. e5 Nd7 9. a3 Ba5 10. O-O f6 11. exf6 Nxf6 12. Bg5 O-O 13. Qc2 h6 14. Bd2 Bb6 15. Ne2 Re8 16. Bg6 Re7 17. Bf4 Bc7 18. Rfe1 Bd7 19. Rac1 Rc8 20. Qd3 Be8 21. b4 a6 22. Bxc7 Rcxc7 23. Nf4 Qd6 24. g3 e5 25. dxe5 Nxe5 26. Nxe5 Rxc1 27. Rxc1 Qxe5 28. Rc8 Kf8 29. Bxe8 Qe1+ 30. Kg2 Rxe8 31. Rxe8+ Kxe8 32. Nxd5 Qe4+ 33. Qxe4+ Nxe4 34. f3 Nd2 35. Kf2 Kd7 36. Ke2 Nc4 37. a4 Kd6 38. Nc3 Ne5 39. Ke3 Nc6 40. b5 axb5 41. Nxb5+ Kc5 42. Nc3 Kb4 43. Nd5+ Kxa4 44. Kf4 Kb5 45. Kf5 Nd4+ 46. Kg6 Nxf3 47. h4 Nd4 48. g4 Kc5 49. Nc3 Ne6 50. Kf7 Kd6 51. Nb5+ Ke5 52. g5 hxg5 53. hxg5 Nxg5+ 54. Kxg7 Kd5 55. Kf6 Kc5 56. Nc3 Kc4 57. Nb1 Ne4+ 58. Ke5 Nc3 59. Nd2+ Kb4 60. Kd4 b5 61. Kd3 Na4 62. Kc2 Nb6 63. Ne4 Ka3 64. Nd6 b4 65. Nb5+ Ka4 66. Nc3+ Ka5 67. Na2 1/2-1/2

[Event "Niedersachsen-ch B 2024"]
[Site "Verden Aller"]
[Date "2024.01.04"]
[Round "2.34"]
[White "Rinke, Alexander"]
[Black "Frowein, Ernst Holger"]
[Result "0-1"]
[ECO "B06"]
[WhiteElo "1296"]
[BlackElo "1755"]
[Annotator "NA RC"]
[PlyCount "81"]
[EventDate "2024.01.01"]
[EventType "swiss"]
[EventCountry "GER"]
[SourceTitle "playchess.com"]
[Source "ChessBase"]
[SourceQuality "1"]
[TimeControl "40/5400+30:1800+30"]

1. e4 d6 2. d4 g6 3. Nf3 Bg7 4. Nc3 Nd7 5. Bc4 e5 6. O-O Ngf6 7. Be3 O-O 8. Qd2 Nb6 9. Bb3 exd4 10. Bxd4 Bg4 11. Ne1 Be6 12. Rd1 Nc4 13. Bxc4 Bxc4 14. Nd3 Re8 15. Qe3 Ng4 16. Qf4 Bxd4 17. Qxg4 Bxc3 18. bxc3 Bxa2 19. Nb4 Be6 20. Qf3 Qg5 21. Rfe1 Qe5 22. Qe3 a5 23. f4 Qb5 24. Nd3 a4 25. Rb1 Qa5 26. Qd4 a3 27. Rxb7 Reb8 28. Rxb8+ Rxb8 29. Ra1 a2 30. Nb4 Ra8 31. f5 gxf5 32. exf5 Qxf5 33. c4 c5 34. Qxd6 cxb4 35. Qxb4 Qxc2 36. c5 Rd8 37. Qe1 Qxc5+ 38. Kh1 Qd4 39. Qg3+ Qg7 40. Qf2 Qxa1+ 41. Qe1 0-1

[Event "Niedersachsen-ch B 2024"]
[Site "Verden Aller"]
[Date "2024.01.05"]
[Round "3.1"]
[White "Richter, Silas"]
[Black "Schoettker, Jochen"]
[Result "*"]
[ECO "B40"]
[WhiteElo "1614"]
[BlackElo "1875"]
[Annotator "NA RC"]
[PlyCount "61"]
[EventDate "2024.01.01"]
[EventType "swiss"]
[EventCountry "GER"]
[SourceTitle "playchess.com"]
[Source "ChessBase"]
[SourceQuality "1"]
[TimeControl "40/5400+30:1800+30"]

1. e4 c5 2. Nf3 a6 3. d4 e6 4. Nc3 b5 5. Bg5 Qb6 6. d5 d6 7. dxe6 fxe6 8. Ne2 h6 9. Be3 g5 10. Qd3 e5 11. Ng3 Be6 12. Nf5 Nf6 13. Nd2 Bxf5 14. exf5 Nc6 15. c3 Qc7 16. Ne4 Nxe4 17. Qxe4 O-O-O 18. c4 Kb8 19. Be2 Nd4 20. Bxd4 exd4 21. Bf3 d5 22. cxd5 Bd6 23. O-O-O Rde8 24. Qd3 Qa5 25. Kb1 Ka7 26. h4 Qb4 27. hxg5 hxg5 28. Rxh8 Rxh8 29. Qd2 Qxd2 30. Rxd2 Kb6 31. Kc2 *

[Event "Niedersachsen-ch B 2024"]
[Site "Verden Aller"]
[Date "2024.01.05"]
[Round "3.2"]
[White "Rossberg, Jonathan"]
[Black "Homann, Christoph"]
[Result "1-0"]
[ECO "B33"]
[WhiteElo "1818"]
[BlackElo "1597"]
[Annotator "NA RC"]
[PlyCount "138"]
[EventDate "2024.01.01"]
[EventType "swiss"]
[EventCountry "GER"]
[SourceTitle "playchess.com"]
[Source "ChessBase"]
[SourceQuality "1"]
[TimeControl "40/5400+30:1800+30"]

1. e4 c5 2. Nf3 Nc6 3. d4 cxd4 4. Nxd4 Nf6 5. Nc3 e5 6. Ndb5 d6 7. Bg5 a6 8. Na3 b5 9. Nd5 Be7 10. Bxf6 Bxf6 11. c3 O-O 12. Nc2 Bg5 13. Nce3 Kh8 14. Bd3 Be6 15. O-O Bxe3 16. Nxe3 d5 17. exd5 Bxd5 18. Bxh7 Kxh7 19. Qxd5 Qc7 20. Qe4+ Kg8 21. Nd5 Qd6 22. Rad1 $16 Rad8 23. Ne3 Qe6 24. Nf5 Nb8 25. Rfe1 Rxd1 26. Rxd1 g6 27. Nh6+ Kg7 28. Ng4 Nd7 29. Qd5 Qxg4 30. Qxd7 Qe2 31. Qd2 Qc4 32. a3 Re8 33. h3 Re6 34. Qd5 Qc7 35. Re1 Qe7 36. Re3 Kf6 37. Qe4 Kg7 38. Rd3 Qg5 39. Qe3 Qe7 40. Qd2 Qc5 41. Rd5 Qe7 42. Rd7 Qf6 43. b3 Rc6 44. Rd8 Qe6 45. Qg5 Qf6 46. Qxf6+ Kxf6 47. Rd3 e4 48. Re3 Ke5 49. h4 f5 50. g3 f4 51. gxf4+ Kxf4 52. Kf1 Rd6 53. Ke2 Rd5 54. Rg3 Rd6 55. c4 bxc4 56. bxc4 Ke5 57. c5 Rf6 58. Rc3 Rc6 59. Ke3 a5 60. Rc4 Kd5 61. Rd4+ Kxc5 62. Rxe4 Kd5 63. Rd4+ Ke5 64. f4+ Kf6 65. Ke4 Rc3 66. Ra4 Rc5 67. Rd4 Ke6 68. a4 Rh5 69. Kf3 Rxh4 1-0

[Event "Niedersachsen-ch B 2024"]
[Site "Verden Aller"]
[Date "2024.01.05"]
[Round "3.3"]
[White "Schlaetker, Christine"]
[Black "Silber, Stefanie"]
[Result "0-1"]
[ECO "B12"]
[WhiteElo "1745"]
[BlackElo "1581"]
[Annotator "NA RC"]
[PlyCount "90"]
[EventDate "2024.01.01"]
[EventType "swiss"]
[EventCountry "GER"]
[SourceTitle "playchess.com"]
[Source "ChessBase"]
[SourceQuality "1"]
[TimeControl "40/5400+30:1800+30"]

1. e4 c6 2. d4 d5 3. e5 e6 4. Nf3 Ne7 5. Be2 Qc7 6. O-O c5 7. c3 Nbc6 8. a3 c4 9. Re1 Bd7 10. a4 Na5 11. Nbd2 Qb6 12. Rb1 Rc8 13. Qc2 Rc7 14. Bd1 Nc8 15. Ra1 Qc6 16. Re3 Be7 17. b4 cxb3 18. Nxb3 Nc4 19. Rd3 a5 20. Ng5 Bxg5 21. Bxg5 N8b6 22. Rh3 h6 23. Nc5 Nc8 24. Bh5 Rf8 25. Bh4 b6 26. Rf3 Ne7 27. Rxf7 Rxf7 28. Qh7 g6 29. Bxg6 Nxg6 30. Qxg6 Nxe5 31. Qxh6 bxc5 32. Qh8+ Rf8 33. Qxe5 Bc8 34. Re1 cxd4 35. cxd4 Rcf7 36. Qb8 Rc7 37. h3 Kd7 38. Bg3 Rb7 39. Qe5 Rf7 40. Qh5 Re7 41. Bh4 Qc3 42. Re3 Rb1+ 43. Kh2 Qc7+ 44. Re5 Qc1 45. Bxe7 Qf4+ 0-1

[Event "Niedersachsen-ch B 2024"]
[Site "Verden Aller"]
[Date "2024.01.05"]
[Round "3.4"]
[White "Fels, Mattis"]
[Black "Walther, Jonas"]
[Result "*"]
[ECO "D00"]
[WhiteElo "1572"]
[BlackElo "1744"]
[Annotator "NA RC"]
[PlyCount "36"]
[EventDate "2024.01.01"]
[EventType "swiss"]
[EventCountry "GER"]
[SourceTitle "playchess.com"]
[Source "ChessBase"]
[SourceQuality "1"]
[TimeControl "40/5400+30:1800+30"]

1. d4 Nf6 2. Nc3 d5 3. Bf4 e6 4. Nb5 Bb4+ 5. c3 Ba5 6. Nf3 a6 7. Na3 O-O 8. e3 Nbd7 9. Bd3 Qe7 10. Nc2 c5 11. O-O c4 12. Be2 b5 13. Ne5 Nxe5 14. dxe5 Ne4 15. Nd4 Bd7 16. Qc2 b4 17. Bxc4 bxc3 18. bxc3 Rfc8 *

[Event "Niedersachsen-ch B 2024"]
[Site "Verden Aller"]
[Date "2024.01.05"]
[Round "3.5"]
[White "Balazs, Kata"]
[Black "Junge, Julia Marie"]
[Result "*"]
[ECO "D00"]
[WhiteElo "1723"]
[BlackElo "1401"]
[Annotator "NA RC"]
[PlyCount "50"]
[EventDate "2024.01.01"]
[EventType "swiss"]
[EventCountry "GER"]
[SourceTitle "playchess.com"]
[Source "ChessBase"]
[SourceQuality "1"]
[TimeControl "40/5400+30:1800+30"]

1. d4 d5 2. Nc3 Nf6 3. Bf4 a6 4. e3 Bf5 5. f3 e6 6. Qd2 c5 7. g4 Bg6 8. h4 h6 9. h5 Bh7 10. Bd3 Bxd3 11. Qxd3 c4 12. Qd2 Bd6 13. Nge2 Nc6 14. Kf2 Qd7 15. Na4 Qc7 16. Rag1 b5 17. Nc5 e5 18. Bg3 Bxc5 19. dxc5 Qe7 20. Qc3 b4 21. Qd2 Qxc5 22. Rd1 e4 23. Bh4 exf3 24. Kxf3 Ne5+ 25. Kg2 Nexg4 *

[Event "Niedersachsen-ch B 2024"]
[Site "Verden Aller"]
[Date "2024.01.05"]
[Round "3.6"]
[White "ter Stal, Esther"]
[Black "Schoene, Finn"]
[Result "*"]
[ECO "D02"]
[WhiteElo "1486"]
[BlackElo "1626"]
[Annotator "NA RC"]
[PlyCount "53"]
[EventDate "2024.01.01"]
[EventType "swiss"]
[EventCountry "GER"]
[SourceTitle "playchess.com"]
[Source "ChessBase"]
[SourceQuality "1"]
[TimeControl "40/5400+30:1800+30"]

1. d4 d5 2. Nf3 c6 3. g3 Bf5 4. Bg2 Qc8 5. O-O Bh3 6. Re1 Bxg2 7. Kxg2 Nf6 8. Bf4 Ne4 9. Nbd2 f5 10. Ne5 e6 11. e3 Nxd2 12. Qh5+ g6 13. Nxg6 hxg6 14. Qxh8 Qd7 15. Bh6 Qf7 16. f3 Nc4 17. e4 Nd7 18. exd5 cxd5 19. b3 Ncb6 20. Re2 O-O-O 21. Bxf8 Rxf8 22. Qh6 Re8 23. Rae1 Nb8 24. Qd2 Nc6 25. Qc3 Kd7 26. Qc5 Qf6 27. Rd1 *

[Event "Niedersachsen-ch B 2024"]
[Site "Verden Aller"]
[Date "2024.01.05"]
[Round "3.7"]
[White "Pac, Maksym"]
[Black "Spieker, Hans-Joachim"]
[Result "*"]
[ECO "D00"]
[WhiteElo "1416"]
[BlackElo "1719"]
[Annotator "NA RC"]
[PlyCount "40"]
[EventDate "2024.01.01"]
[EventType "swiss"]
[EventCountry "GER"]
[SourceTitle "playchess.com"]
[Source "ChessBase"]
[SourceQuality "1"]
[TimeControl "40/5400+30:1800+30"]

1. d4 Nf6 2. Nc3 d5 3. Bf4 a6 4. e3 g6 5. h4 Bg7 6. Be2 h5 7. Nf3 Bf5 8. Ne5 Nc6 9. f3 e6 10. Nxc6 bxc6 11. e4 dxe4 12. g4 exf3 13. Bxf3 Bxg4 14. Bxc6+ Nd7 15. Qd2 Rb8 16. d5 O-O 17. dxe6 Bxe6 18. O-O-O Nf6 19. Qh2 Qe7 20. Bxc7 Ng4 *

[Event "Niedersachsen-ch B 2024"]
[Site "Verden Aller"]
[Date "2024.01.05"]
[Round "3.8"]
[White "Rademacher, Bengt"]
[Black "Kesselhut, Pascal"]
[Result "*"]
[ECO "B13"]
[WhiteElo "1702"]
[BlackElo "1425"]
[Annotator "NA RC"]
[PlyCount "36"]
[EventDate "2024.01.01"]
[EventType "swiss"]
[EventCountry "GER"]
[SourceTitle "playchess.com"]
[Source "ChessBase"]
[SourceQuality "1"]
[TimeControl "40/5400+30:1800+30"]

1. e4 c6 2. d4 d5 3. exd5 cxd5 4. Bd3 Nc6 5. c3 Qc7 6. Ne2 Bg4 7. f3 Bd7 8. Bf4 e5 9. dxe5 Nxe5 10. Bc2 Nf6 11. O-O Bd6 12. Kh1 O-O-O 13. Nd2 Rdg8 14. Bxe5 Bxe5 15. f4 Bd6 16. Nf3 h6 17. Qd4 Re8 18. Qd2 g5 *

[Event "Niedersachsen-ch B 2024"]
[Site "Verden Aller"]
[Date "2024.01.05"]
[Round "3.9"]
[White "Goes, Carsten"]
[Black "Zweck, Gerhard"]
[Result "*"]
[ECO "B23"]
[WhiteElo "1676"]
[BlackElo "1414"]
[Annotator "NA RC"]
[PlyCount "37"]
[EventDate "2024.01.01"]
[EventType "swiss"]
[EventCountry "GER"]
[SourceTitle "playchess.com"]
[Source "ChessBase"]
[SourceQuality "1"]
[TimeControl "40/5400+30:1800+30"]

1. e4 c5 2. Nc3 d6 3. f4 Nf6 4. Nf3 Nc6 5. Bb5 a6 6. Bxc6+ bxc6 7. d3 e6 8. O-O Be7 9. Qe1 Rb8 10. e5 Nd7 11. Qg3 g6 12. exd6 Bxd6 13. Ne4 Be7 14. b3 Nf6 15. Bb2 Nxe4 16. dxe4 f6 17. f5 Bd6 18. e5 fxe5 19. Bxe5 *

[Event "Niedersachsen-ch B 2024"]
[Site "Verden Aller"]
[Date "2024.01.05"]
[Round "3.11"]
[White "Berkenkamp, Matthis"]
[Black "Sanchez Tapia, Luis G."]
[Result "*"]
[ECO "A17"]
[WhiteElo "1425"]
[BlackElo "1576"]
[Annotator "NA RC"]
[PlyCount "41"]
[EventDate "2024.01.01"]
[EventType "swiss"]
[EventCountry "GER"]
[SourceTitle "playchess.com"]
[Source "ChessBase"]
[SourceQuality "1"]
[TimeControl "40/5400+30:1800+30"]

1. Nf3 d5 2. g3 g6 3. Bg2 Bg7 4. d4 c6 5. O-O Nf6 6. c4 e6 7. Nc3 O-O 8. cxd5 exd5 9. Bf4 Re8 10. Qc1 Nbd7 11. Bh6 Bh8 12. Re1 Nf8 13. Bxf8 Kxf8 14. e3 a5 15. Na4 Bf5 16. Nd2 Qc7 17. Qc5+ Kg8 18. Nb6 Rad8 19. Nb3 Ne4 20. Qxa5 Ng5 21. Rec1 *

[Event "Niedersachsen-ch B 2024"]
[Site "Verden Aller"]
[Date "2024.01.05"]
[Round "3.12"]
[White "Kraeuter, Paavo Alexander"]
[Black "Bartel, Reinhard"]
[Result "1-0"]
[ECO "D38"]
[WhiteElo "1832"]
[BlackElo "1525"]
[Annotator "NA RC"]
[PlyCount "131"]
[EventDate "2024.01.01"]
[EventType "swiss"]
[EventCountry "GER"]
[SourceTitle "playchess.com"]
[Source "ChessBase"]
[SourceQuality "1"]
[TimeControl "40/5400+30:1800+30"]

1. d4 Nf6 2. c4 e6 3. Nf3 d5 4. Nc3 Bb4 5. Bg5 h6 6. Qa4+ Nc6 7. Bxf6 Bxc3+ 8. bxc3 gxf6 9. e3 Bd7 10. Qc2 dxc4 11. Bxc4 Na5 12. Be2 Bc6 13. O-O f5 14. c4 Be4 15. Qc3 c6 16. d5 Rg8 17. d6 b6 18. Rfd1 Rb8 19. Ne1 c5 20. Bf3 Bxf3 21. Nxf3 f6 22. Rd2 Rg4 23. Ne5 fxe5 24. Qxe5 Kd7 25. Qb2 a6 26. Rd3 Nxc4 27. Qe2 b5 28. h3 Rg6 29. a4 Qh8 30. Ra2 Qg7 31. f4 bxa4 32. Qc2 Rb4 33. Rc3 Nb6 34. Rxc5 Nd5 35. Rc7+ Nxc7 36. Qxc7+ Ke8 37. Qc8+ Kf7 38. d7 Rb1+ 39. Kh2 Rd1 40. Qe8+ Kf6 41. d8=Q+ Rxd8 42. Qxd8+ Qe7 43. Qd4+ e5 44. Qxa4 exf4 45. exf4 Kf7 46. Qc4+ Qe6 47. Qc7+ Qe7 48. Qa5 Qd6 49. Qxf5+ Rf6 50. Qh7+ Kf8 51. g3 Qb6 52. Re2 Re6 53. Qf5+ Ke7 54. Rd2 Rd6 55. Qe5+ Re6 56. Qg7+ Ke8 57. Rc2 Rc6 58. Qg8+ Kd7 59. Qf7+ Kc8 60. Qe8+ Kb7 61. Rd2 Rc7 62. Qe5 Qc5 63. Qe4+ Qc6 64. Rb2+ Ka8 65. Qd4 Rd7 66. Qh8+ 1-0

[Event "Niedersachsen-ch B 2024"]
[Site "Verden Aller"]
[Date "2024.01.05"]
[Round "3.13"]
[White "Grunwald, Hannes Leon"]
[Black "Woellermann, Ludger"]
[Result "*"]
[ECO "B39"]
[WhiteElo "1517"]
[BlackElo "1829"]
[Annotator "NA RC"]
[PlyCount "41"]
[EventDate "2024.01.01"]
[EventType "swiss"]
[EventCountry "GER"]
[SourceTitle "playchess.com"]
[Source "ChessBase"]
[SourceQuality "1"]
[TimeControl "40/5400+30:1800+30"]

1. e4 c5 2. Nf3 Nc6 3. d4 cxd4 4. Nxd4 g6 5. c4 Bg7 6. Be3 Nf6 7. Nc3 Ng4 8. Qxg4 Nxd4 9. Qd1 Ne6 10. Qd2 Qa5 11. Rc1 b6 12. Bd3 h5 13. b3 h4 14. Nd5 Qxd2+ 15. Kxd2 Bb7 16. f4 Rc8 17. e5 Nc5 18. Be2 e6 19. Nc3 Bxg2 20. Nb5 Ne4+ 21. Kd3 *

[Event "Niedersachsen-ch B 2024"]
[Site "Verden Aller"]
[Date "2024.01.05"]
[Round "3.14"]
[White "Bangert, Jonas"]
[Black "Krneta, Slavko"]
[Result "*"]
[ECO "E69"]
[WhiteElo "1527"]
[BlackElo "1767"]
[Annotator "NA RC"]
[PlyCount "44"]
[EventDate "2024.01.01"]
[EventType "swiss"]
[EventCountry "GER"]
[SourceTitle "playchess.com"]
[Source "ChessBase"]
[SourceQuality "1"]
[TimeControl "40/5400+30:1800+30"]

1. d4 Nf6 2. Nf3 g6 3. g3 d6 4. Bg2 c6 5. O-O Bg7 6. c4 O-O 7. Nc3 Qc7 8. h3 Nbd7 9. e4 e5 10. Be3 Re8 11. d5 c5 12. Ne1 a6 13. b3 Rb8 14. a4 b6 15. Bf3 Nf8 16. Bg4 Nxg4 17. hxg4 f5 18. gxf5 gxf5 19. Qh5 Qf7 20. Qxf7+ Kxf7 21. Kg2 f4 22. Bd2 Ng6 *

[Event "Niedersachsen-ch B 2024"]
[Site "Verden Aller"]
[Date "2024.01.05"]
[Round "3.15"]
[White "Leppert, Hans-Juergen"]
[Black "Golke, Philipp"]
[Result "1-0"]
[ECO "A39"]
[WhiteElo "1683"]
[BlackElo "1490"]
[Annotator "NA RC"]
[PlyCount "73"]
[EventDate "2024.01.01"]
[EventType "swiss"]
[EventCountry "GER"]
[SourceTitle "playchess.com"]
[Source "ChessBase"]
[SourceQuality "1"]
[TimeControl "40/5400+30:1800+30"]

1. c4 c5 2. Nc3 Nc6 3. Nf3 Nf6 4. g3 g6 5. Bg2 Bg7 6. O-O O-O 7. d4 cxd4 8. Nxd4 Qb6 9. Nb3 d6 10. Nd5 Nxd5 11. cxd5 Nd4 12. Be3 Nxb3 13. Bxb6 Nxa1 14. Bd4 Bxd4 15. Qxd4 Nc2 16. Qc3 Bf5 17. e4 Rfc8 18. Qd2 Bd7 19. Rc1 Nd4 20. Rxc8+ Rxc8 21. h4 Nb5 22. Kh2 Kg7 23. Bh3 Bxh3 24. Kxh3 Rc5 25. Kg2 b6 26. h5 h6 27. hxg6 fxg6 28. Qd3 a5 29. Qb3 Kf6 30. Qd3 Nc7 31. Qd4+ Kf7 32. Qh8 h5 33. Qh7+ Kf6 34. Qg8 b5 35. Qf8+ Ke5 36. Qxe7+ Kd4 37. Qxd6 1-0

[Event "Niedersachsen-ch B 2024"]
[Site "Verden Aller"]
[Date "2024.01.05"]
[Round "3.16"]
[White "Freise, Linus"]
[Black "Juergenpott, Maximilian"]
[Result "*"]
[ECO "B13"]
[WhiteElo "1480"]
[BlackElo "1660"]
[Annotator "NA RC"]
[PlyCount "42"]
[EventDate "2024.01.01"]
[EventType "swiss"]
[EventCountry "GER"]
[SourceTitle "playchess.com"]
[Source "ChessBase"]
[SourceQuality "1"]
[TimeControl "40/5400+30:1800+30"]

1. e4 c6 2. Nf3 d5 3. exd5 cxd5 4. d4 Nc6 5. Bf4 Bg4 6. c3 e6 7. Nbd2 Bd6 8. Bg3 Bxg3 9. hxg3 Nge7 10. Bd3 Bf5 11. Nb3 b6 12. Qd2 a5 13. Nh4 Bxd3 14. Qxd3 h6 15. O-O-O a4 16. Nd2 O-O 17. Rde1 Rc8 18. Kb1 e5 19. dxe5 d4 20. c4 Nb4 21. Qe4 b5 *

[Event "Niedersachsen-ch B 2024"]
[Site "Verden Aller"]
[Date "2024.01.05"]
[Round "3.17"]
[White "Laun, Kurt"]
[Black "Frese, Immo"]
[Result "*"]
[ECO "D37"]
[WhiteElo "1448"]
[BlackElo "1642"]
[Annotator "NA RC"]
[PlyCount "38"]
[EventDate "2024.01.01"]
[EventType "swiss"]
[EventCountry "GER"]
[SourceTitle "playchess.com"]
[Source "ChessBase"]
[SourceQuality "1"]
[TimeControl "40/5400+30:1800+30"]

1. c4 Nf6 2. Nc3 e6 3. d4 d5 4. Nf3 Be7 5. e3 O-O 6. Be2 Nbd7 7. O-O b6 8. cxd5 exd5 9. Qc2 Bb7 10. a3 c5 11. Re1 Rc8 12. Qa4 a6 13. Qd1 Re8 14. Bd2 Bd6 15. h3 Ne4 16. Bd3 Ndf6 17. Rc1 b5 18. dxc5 Bxc5 19. b4 Bb6 *